 Dungeon Crawl Stone Soup version 0.31.0-9-g3a7656b989 (webtiles) character file.

Game seed: 12666450630455054182

9 RancidPinata the Sneak (level 2, -2/21 HPs)
             Began as an Octopode Delver on Jan 24, 2024.
             Shot with an arrow by a centaur (8 damage)
             ... on level 5 of the Dungeon.
             The game lasted 00:02:41 (336 turns).

RancidPinata the Sneak (Octopode Delver)             Turns: 336, Time: 00:02:41

Health: -2/21      AC:  1    Str: 11    XL:     2   Next: 12%
Magic:  2/2        EV: 13    Int: 12    God:
Gold:   56         SH:  0    Dex: 13    Spells: 1/1 levels left

rFire   . . .        a - +0 short sword
rCold   . . .        (no shield)
rNeg    . . .        (helmet restricted)
rPois   .            (no amulet)
rElec   .            (no ring)
rCorr   .            (no ring)
SInv    .            (no ring)
Will    .....        (no ring)
Stlth   ++++         (no ring)
HPRegen 0.23/turn    (no ring)
MPRegen 0.08/turn    (no ring)
                     (no ring)

%: no passive effects
@: no status effects
A: almost no armour, amphibious, 8 rings, camouflage 1, gelatinous body 1,
(nimble swimmer 1), tentacles
a: no special abilities


You were on level 5 of the Dungeon.
You visited 2 branches of the dungeon, and saw 4 of its levels.

You collected 56 gold pieces.

Inventory:

Hand Weapons
 a - a +0 short sword (weapon)
Missiles
 j - 6 stones (quivered)
Wands
 f - a wand of digging (3)
 k - a wand of flame (12)
Scrolls
 b - a scroll of fog
 c - a scroll of revelation
 d - a scroll of fear
 h - a scroll of vulnerability {unknown}
 l - 2 scrolls of identify {unknown}
Potions
 e - a potion of haste
 g - a potion of ambrosia {unknown}
 i - a potion of cancellation {unknown}


   Skills:
 + Level 3.1 Fighting
 + Level 2.2 Short Blades
 + Level 2.2 Dodging
 + Level 6.7 Stealth


You had one spell level left.
You didn't know any spells.
Your spell library was empty.

Dungeon Overview and Level Annotations

Branches:
Dungeon (6/15)             Temple (1/1) D:5

Altars:
Dithmenos
Elyvilon
Gozag
Kikubaaqudgha
Trog
Wu Jian
Yredelemnul
Zin

Annotations:
D:6 3 runed translucent doors, dchavez06's ghost, novice DsGl


Innate Abilities, Weirdness & Mutations

You cannot wear most types of armour.
You are amphibious.
You can wear up to eight rings at the same time.
Your skin changes colour to match your surroundings (Stealth+).
Your rubbery body absorbs attacks. (AC +1, EV +1)
((You are camouflaged when in or above water. (Stealth+)))
You have tentacles for arms and can constrict up to eight enemies at once.


Message History

You are no longer poisoned.
You start resting.
HP restored.
A gnoll comes into view. It is wielding a +0 spear.
The gnoll moves out of view.
The gnoll shouts!
You hear a shout! x2
A gnoll comes into view. It is wielding a +0 whip.
A gnoll comes into view. It is wielding a +0 spear.
Found 3 stones.
Found a stone staircase leading up.
The gnoll shouts!
You hear a shout!
The gnoll closely misses you.
A gnoll comes into view. It is wielding a +0 whip.
A gnoll comes into view. It is wielding a +0 spear.
You closely miss the gnoll.
The gnoll shouts!
You grab the gnoll.
You squeeze the gnoll, but do no damage.
You constrict the gnoll.
A gnoll comes into view. It is wielding a +0 whip.
The gnoll hits you with a +0 spear!
You hit the gnoll. You squeeze the gnoll.
The gnoll is moderately wounded.
You constrict the gnoll. The gnoll hits you with a +0 spear.
You hit the gnoll.
The gnoll is severely wounded.
You constrict the gnoll.
A gnoll comes into view. It is wielding a +0 halberd.
The gnoll misses you.
You release your grip on the gnoll.
The gnoll hits you from afar with a +0 spear!
* * * LOW HITPOINT WARNING * * *
Unknown command.
There is a stone staircase leading down here.
You can't go up here!
You climb downwards.
There is a stone staircase leading up here.
You start resting.
The centaur wields a +0 shortbow.
The centaur shoots an arrow.
The arrow hits you!
You die...

.#P#...................
....###..c..............
.#P.....................
## ....................
P. ..##.).......#...#
... ... #..............
........##............#
......................#
................@..####
. ................... .
..........[........ .
...#............... ..
..#...............
..#######..........#....
.....#............##....
.....#>...........# ...
#....#............#


You could see a centaur.

Vanquished Creatures
  An adder (D:4)
1 creature vanquished.

Notes
Turn   | Place    | Note
-------+----------+-------------------------------------------
     0 | D:5      | RancidPinata the Octopode Delver began the quest for the
                  | Orb.
     0 | D:5      | Reached XP level 1. HP: 16/16 MP: 1/1
    20 | D:5      | Found a staircase to the Ecumenical Temple.
    29 | Temple   | Entered the Ecumenical Temple
    50 | D:6      | Found a runed translucent gate.
    50 | D:6      | Found a runed translucent gate.
    50 | D:6      | Found a runed translucent gate.
    53 | D:6      | Noticed dchavez06's ghost (novice DsGl)
   117 | D:6      | Noticed a wight
   215 | D:5      | Noticed a centaur
   229 | D:4      | Reached XP level 2. HP: 7/21 MP: 2/2
   336 | D:5      | Shot with an arrow by a centaur

Illustrated notes

Levels and vault maps discovered:
D:4:      layout_cave_pods, vehumet_crystals, lemuel_round_altar
D:5:      layout_basic, grunt_temple_overflow_open,
          minmay_temple_entry_gardened_gates, eino_tiny_chamber,
          hangedman_decor_riveting
D:6:      layout_cave_pools, nicolae_uskayaw_dance_hall,
          ebering_ghost_rock_garden, uniq_duvessa, uniq_sigmund, uniq_maggie
Temple:   hellmonk_temple_flake

Action                     || total
---------------------------++-------
  Melee: Short sword       ||     7
         Tentacles         ||     3
         Constrict         ||     2
 Armour: Skin              ||     7
  Dodge: Dodged            ||    11
